 Dungeon Crawl Stone Soup version 0.22-a0-388-g09e6169 (webtiles) character file.

1019697 4thArraOfDagon the Rhythm of Life and Death (level 27, -3/261 HPs)
             Began as a Demonspawn Earth Elementalist on Apr 28, 2018.
             Was an Elder of Uskayaw.
             Killed from afar by a Tzitzimitl (37 damage)
             ... with a bolt of cold
             ... on level 24 of a ziggurat on Apr 29, 2018.
             The game lasted 05:13:26 (43486 turns).

4thArraOfDagon the Rhythm of Life and Death (DsEE) Turns: 43486, Time: 05:13:27

Health: -3/261     AC: 34    Str: 11    XL:     27
Magic:  0/87       EV: 21    Int: 29    God:    Uskayaw [****..]
Gold:   3170       SH:  7    Dex: 19    Spells: 4/80 levels left

rFire    + + +     SeeInvis .   J - staff of power {!a}
rCold    . . .     Gourm    .   X - -1 buckler of the Exiled Dances {rF++ rC+ Regen+ Str-5}
rNeg     + + +     Faith    .   (armour currently unavailable)
rPois    ∞         Spirit   +   P - +2 hat of the Bear Spirit {Spirit, +Rage rN+ MR++}
rElec    +         Reflect  .   i - scarf {repulsion}
rCorr    .         Harm     .   (gloves unavailable)
MR       +++++     Rnd*Rage +   (boots currently unavailable)
Stlth    +++.......             o - amulet of Kosurhil {RegenMP rPois rN+ Str-5 Dex+2}
HPRegen  2.33/turn              K - ring "Lesod" {rPois rC- MP+9 Str+3 Int+4}
MPRegen  1.25/turn              z - ring "Cimyep" {+Fly MR+ MP+9 Str+5 Dex+3}

@: statue-form, very slightly contaminated, regenerating, studying Armour, repel
missiles, very slow
A: claws 3, horns 1, slimy green scales 3, camouflage 1, berserk 1,
deterioration 1, fire resistance 1, hurl damnation, frail 1, foul stench 2,
regeneration 1, wild magic 1, magic shield, magic regeneration, magic link, rot
immunity, flame cloud immunity
}: 5/15 runes: decaying, serpentine, slimy, silver, abyssal
a: Hurl Damnation, End Transformation, Stomp, Line Pass, Renounce Religion,
Evoke Berserk Rage, Evoke Flight


You were on level 24 of a ziggurat.
You worshipped Uskayaw.
Uskayaw was exalted by your worship.
You were not hungry.
You were a stone statue.
You visited 12 branches of the dungeon, and saw 57 of its levels.
You visited the Abyss 1 time.
You visited 2 ziggurats (completing 1), and saw 51 of their levels.
You also visited: Labyrinth, Trove, Ossuary, Bailey and Volcano.

You collected 5964 gold pieces.
You spent 2794 gold pieces at shops.

Inventory:

Missiles
 b - 237 stones (quivered)
Armour
 i - a scarf of repulsion (worn)
 B - the +1 fire dragon scales "Diafun" {rF++ rC- Str+4 Int-3 SInv Stlth+, unknown}
   (You found it on level 22 of a ziggurat)

   It affects your strength (+4).
   It affects your intelligence (-3).
   It greatly protects you from fire.
   It makes you vulnerable to cold.
   It lets you see invisible.
   It makes you more stealthy.
 E - the +3 helmet of Weurra {rCorr, unknown}
   (You found it on level 23 of a ziggurat)

   It protects you from acid and corrosion.
 N - the +2 leather armour "Seohieh" (melded) {rF- rC++ Regen+ rCorr}
   (You bought it in a shop on level 4 of the Dungeon)

   It makes you vulnerable to fire.
   It greatly protects you from cold.
   It increases your rate of regeneration.
   It protects you from acid and corrosion.
 P - the +2 hat of the Bear Spirit (worn) {Spirit, +Rage rN+ MR++}
   (You found it on level 12 of a ziggurat)

   It protects you from negative energy.
   It affects your resistance to hostile enchantments.
   It lets you go berserk.
 X - the -1 buckler of the Exiled Dances (worn) {rF++ rC+ Regen+ Str-5}
   (You found it on level 23 of a ziggurat)

   It affects your strength (-5).
   It greatly protects you from fire.
   It protects you from cold.
   It increases your rate of regeneration.
 Y - a +2 pair of boots of running (melded)
Magical Staves
 J - an uncursed staff of power (weapon) {!a}
 Q - an uncursed staff of energy {!a}
Jewellery
 o - the amulet of Kosurhil (around neck) {RegenMP rPois rN+ Str-5 Dex+2}
   (You found it in a treasure trove)

   [amulet of magic regeneration]

   It increases your magic regeneration.
   It affects your strength (-5).
   It affects your dexterity (+2).
   It protects you from poison.
   It protects you from negative energy.
 z - the ring "Cimyep" (right claw) {+Fly MR+ MP+9 Str+5 Dex+3}
   (You found it on level 16 of a ziggurat)

   [ring of magical power]

   It affects your strength (+5).
   It affects your dexterity (+3).
   It affects your resistance to hostile enchantments.
   It affects your magic capacity (+9).
   It lets you fly.
 K - the ring "Lesod" (left claw) {rPois rC- MP+9 Str+3 Int+4}
   (You found it on level 23 of a ziggurat)

   [ring of poison resistance]

   It affects your strength (+3).
   It affects your intelligence (+4).
   It makes you vulnerable to cold.
   It protects you from poison.
   It affects your magic capacity (+9).
 R - an uncursed ring of see invisible
 V - the ring "Felihyh" {Int+8 Dex+3}
   (You found it on level 7 of a ziggurat)

   [ring of dexterity]

   It affects your intelligence (+8).
   It affects your dexterity (+3).
Wands
 l - a wand of digging (8)
 m - a wand of acid (10)
 G - a wand of clouds (4)
 M - a wand of iceblast (83)
Scrolls
 k - 7 scrolls of immolation
 n - 20 scrolls of fog
 p - 35 scrolls of teleportation
 t - 8 scrolls of fear
 u - 8 scrolls of blinking
 y - 26 scrolls of remove curse
 O - 6 scrolls of summoning
 T - 11 scrolls of magic mapping
Potions
 a - 5 potions of haste
 c - 10 potions of might
 e - 18 potions of flight
 f - 2 potions of cancellation
 h - 5 potions of ambrosia
 j - a potion of resistance
 q - 5 potions of heal wounds
 r - 4 potions of invisibility
 s - 9 potions of brilliance
 v - 3 potions of experience
 w - 13 potions of curing
 x - 22 potions of mutation
 C - 5 potions of magic
 H - 8 potions of agility
 L - 3 potions of berserk rage
Books
 D - a manual of Armour
Miscellaneous
 g - 16 sacks of spiders
 A - a lamp of fire
 S - a lightning rod (4/4)
 W - 7 boxes of beasts
 Z - 12 phantom mirrors
Comestibles
 d - 87 rations


   Skills:
 - Level 20.0 Fighting
 - Level 18.1 Armour
 - Level 11.0 Dodging
 - Level 1.7 Stealth
 - Level 13.3 Shields
 - Level 23.0 Unarmed Combat
 O Level 27 Spellcasting
 * Level 19.4 Conjurations
 - Level 5.4 Charms
 - Level 5.0 Necromancy
 - Level 18.1 Translocations
 - Level 7.5 Transmutations
 - Level 19.2 Fire Magic
 - Level 11.8 Ice Magic
 - Level 25.4 Earth Magic
 O Level 27 Invocations
 - Level 2.0 Evocations


You had 4 spell levels left.
You knew the following spells:

 Your Spells              Type           Power        Failure   Level  Hunger
a - Fire Storm            Conj/Fire      ########..   32%         9    #####..
b - Tornado               Air            ######....   100%        9    #####..
c - Lee's Rapid Deconstr  Erth           ########..   1%          5    None
d - Glaciate              Conj/Ice       ########..   80%         9    #####..
g - Passwall              Tmut/Erth      ########..   1%          2    None
h - Controlled Blink      Tloc           N/A          4%          8    ###....
i - Regeneration          Chrm/Necr      ######....   1%          3    None
j - Iron Shot             Conj/Erth      ########..   1%          6    None
k - Statue Form           Tmut/Erth      ########.    1%          6    None
l - Ignition              Fire           ########..   3%          8    ###....
m - Sublimation of Blood  Necr           ######....   1%          2    None
n - Shatter               Erth           ########..   3%          9    #####..


Dungeon Overview and Level Annotations

Branches:
Dungeon (15/15)            Temple (0/1) D:4            Lair (6/6) D:8
  Swamp (4/4) Lair:2        Snake (4/4) Lair:4        Slime (5/5) Lair:6
    Orc (2/2) D:12            Elf (3/3) Orc:2        Vaults (5/5) D:13
  Crypt (3/3) Vaults:2       Tomb (1/3) Crypt:3      Depths (5/5) D:15
    Zot (4/5) Depths:5

Altars:
Cheibriados
Dithmenos
Elyvilon
Fedhas
Gozag
Kikubaaqudgha
Makhleb
Qazlal
Ru
Sif Muna
Trog
Uskayaw
Wu Jian
Xom
Zin
Beogh
Jiyva

Shops:
D:4 *   D:10 }   D:11 ?   Orc:2 *([?   Snake:2 [%   Snake:4 *%=   Vaults:1 %
Depths:5 [

Portals:
Hell: Depths:1 Depths:3 Depths:4 Depths:5
Abyss: Depths:1 Depths:2 Depths:4
Pandemonium: Depths:3

Annotations:
D:15 1 runed door, exclusion: door
Lair:2 exclusion: 2 oklob plants
Slime:3 exclusion: upstairs
Slime:5 Royal Jelly
Zot:3 exclusion: downstairs


Innate Abilities, Weirdness & Mutations

You have claws for hands.
(You are completely covered in slimy green scales. (AC +4, rPois))
Your flesh is heat resistant. (rF+)
You can hurl damnation.
You frequently emit foul miasma when damaged in melee.
When hurt, damage is shared between your health and your magic reserves.
You regenerate magic rapidly.
When low on magic, you restore magic in place of health.
You are immune to rotting.
You are immune to clouds of flame.
You have a pair of small horns on your head.
Your skin changes colour to match your surroundings (Stealth+).
You tend to lose your temper in combat.
Your body sometimes deteriorates upon taking damage.
You are frail. (-10% HP)
Your natural rate of healing is unusually fast.
Your spells are a little harder to cast, but a little more powerful.


Message History

The bolt of cold misses the Tzitzimitl.
The bolt of cold misses you. The balrug gestures at you. Something smites you!
* * * LOW HITPOINT WARNING * * *
The Tzitzimitl calls on the powers of darkness!
Your body is wracked with pain!
* * * LOW HITPOINT WARNING * * *
The Ice Fiend gestures at you.
The bolt of cold hits the Tzitzimitl.
The Tzitzimitl resists.
The bolt of cold hits you!
* * * LOW HITPOINT WARNING * * *
The balrug gestures at you. Something smites you!
* * * LOW HITPOINT WARNING * * *
Unknown command.
Unknown command.
You feel much better. The Tzitzimitl gestures at you.
The bolt of cold hits you!
You die...

2..).11.1.............▓
..).....1.............▓
..).....1.1..........∩▓
......................▓
......................▓
.............2§§§.§...▓
.............§1§§.....▓
........#....§1§§.....▓
...........§§18.....▓
.......▓▓▓▓▓▓▓▓▓▓▓▓▓ .


You could see a Tzitzimitl, a Brimstone Fiend and an Ice Fiend.

Vanquished Creatures
  Mara (Depths:3)
  Mennas (Vaults:5)
  2 juggernauts
  19 ancient liches
  Sojobo (Vaults:5)
  Boris (Vaults:3)
  19 greater mummies
  11 pandemonium lords
  the Lernaean hydra (Swamp:4)
  A shard shrike (Zig:16)
  13 Killer Klowns
  A curse toe (Zot:3)
  6 caustic shrikes
  Jory (Depths:4)
  37 golden dragons
  2 profane servitors
  13 bone dragons
  5 iron giants (Zig:23)
  3 doom hounds
  3 Tzitzimimeh
  6 hellephants
  8 Brimstone Fiends
  3 electric golems
  Jorgrun (Swamp:3)
  18 tentacled monstrosities
  6 Ice Fiends
  8 liches
  5 Hell Sentinels
  The ghost of Totori the Unflinching, an adept HaFi of the Shining One (Vaults:1)
  20 titans
  2 deep elf blademasters (Elf:3)
  2 deep elf master archers (Elf:3)
  53 acid blobs
  12 quicksilver dragons
  4 Executioners
  13 sphinxes
  7 death cobs
  A sphinx (shapeshifter) (Zig:21)
  14 tentacled starspawn
  Frances (D:12)
  6 ancient champions
  3 thorn hunters
  22 shadow dragons
  A shadow dragon (shapeshifter) (Zig:21)
  Agnes (Elf:2)
  Kirke (Elf:1)
  Roxanne (Swamp:3)
  24 azure jellies
  16 tengu reavers
  21 storm dragons
  10 draconian monks
  58 nagarajas
  6 deep elf sorcerers
  23 fire giants
  8 draconian knights
  Aizul (Snake:2)
  2 ghost moths (Zig:19)
  8 iron dragons
  8 orc warlords
  A ghost moth (shapeshifter) (Zig:5)
  25 vault wardens
  21 frost giants
  2 curse skulls
  9 draconian shifters
  5 draconian scorchers
  5 deep elf elementalists
  12 balrugs
  3 black suns
  3 caustic shrike zombies
  4 warmongers
  An angel (Zig:18)
  A ghoul (Zig:17)
  2 emperor scorpions (Zig:19)
  7 draconian stormcallers
  A cacodemon (Zig:18)
  3 juggernaut zombies
  36 very ugly things
  27 ironheart preservers
  A caustic shrike skeleton (Zig:23)
  5 draconian annihilators
  5 bennus
  A juggernaut skeleton (Zig:20)
  34 stone giants
  9 green draconians
  A blood saint (Zig:24)
  4 war gargoyles
  7 spriggan defenders
  8 corrupters
  An entropy weaver (shapeshifter) (Zig:18)
  3 entropy weavers
  16 reapers
  9 vampire knights
  3 lorocyprocas
  2 ophanim (Zig:22)
  6 dire elephants
  6 deep elf demonologists
  8 black draconians
  A minotaur (Lab)
  10 red draconians
  A minotaur (shapeshifter) (Vaults:1)
  2 dire elephants (shapeshifter) (Zig:21)
  A spark wasp (shapeshifter) (Zig:14)
  8 deep elf annihilators
  7 purple draconians
  8 spark wasps
  9 white draconians
  4 yellow draconians
  20 green deaths
  6 eidola
  A crystal guardian (Vaults:4)
  18 ettins
  12 merfolk javelineers
  12 mummy priests
  3 quicksilver dragon zombies
  3 merfolk impalers
  14 deep elf death magi
  6 blizzard demons
  2 jiangshi (Crypt:3)
  6 death oozes
  A fire dragon (shapeshifter) (Depths:3)
  28 ogre magi
  25 fire dragons
  5 deep elf high priests
  44 vault guards
  19 great orbs of eyes
  27 yaktaur captains
  14 ice dragons
  49 hydras
  10 naga warriors
  5 hell beasts
  11 spriggan air magi
  Erica (D:9)
  6 ghost crabs
  19 rakshasas
  3 alligator snapping turtles
  7 centaur warriors
  18 anacondas
  An anaconda (shapeshifter) (Depths:3)
  An alligator snapping turtle (shapeshifter) (Zig:21)
  5 death knights
  19 alligators
  A satyr (Abyss:3)
  A merfolk avatar (D:15)
  14 death yaks
  11 deep troll earth magi
  7 catoblepae
  A satyr (shapeshifter) (Zig:14)
  30 dancing weapons
  5 merfolk aquamancers
  11 deep troll shamans
  11 tengu warriors
  6 death scarabs
  41 two-headed ogres
  6 vampire magi
  25 large abominations
  2 hell hogs (Zig:20)
  4 titan zombies
  8 thrashing horrors
  7 spriggans
  15 orc high priests
  4 soul eaters
  6 spriggan berserkers
  3 storm dragon zombies
  A shock serpent (shapeshifter) (Zig:20)
  30 naga sharpshooters
  15 wretched stars
  24 deep elf knights
  An iron golem (Zig:23)
  Sonja (D:12)
  25 shock serpents
  4 titan skeletons
  A sun demon (Zig:22)
  5 hell knights
  7 iron trolls
  15 death drakes
  7 fire crabs (Zig:27)
  3 shadow wraiths
  4 salamander mystics
  5 spatial maelstroms
  10 sea snakes
  9 small abominations
  3 storm dragon skeletons
  28 deep trolls
  10 skeletal warriors
  An infernal demonspawn (Zig:24)
  7 wizards
  A death drake (shapeshifter) (Zig:20)
  2 glowing orange brains (shapeshifter)
  3 sea snakes (shapeshifter)
  A deep troll (shapeshifter) (Zig:21)
  9 unseen horrors
  A gelid demonspawn (Zig:8)
  4 shadow demons
  An orange crystal statue (Zig:3)
  10 naga ritualists
  39 swamp dragons
  3 spriggan druids
  8 starcursed masses
  The ghost of Nib the Covert, a novice SpEn of Dithmenos (D:8)
  A glowing orange brain (Depths:4)
  20 ironbrand convokers
  12 shambling mangroves
  4 golden dragon zombies
  16 flayed ghosts
  8 tengu zombies
  6 golden dragon skeletons
  4 shadow dragon zombies
  13 deep elf archers
  An anaconda skeleton (Crypt:3)
  17 phantasmal warriors
  A lindwurm (shapeshifter) (Zig:18)
  A harpy (shapeshifter) (Vaults:2)
  Pikel (D:5)
  2 wolf spiders (shapeshifter)
  8 mana vipers
  20 harpies
  6 necromancers
  16 orc knights
  8 oklob plants
  72 deep elf magi
  6 sphinx zombies
  2 iron dragon zombies
  7 orc sorcerers
  A mana viper (shapeshifter) (Zig:10)
  14 shining eyes
  3 shadow dragon skeletons
  5 worldbinders
  A stone giant zombie (Zig:3)
  7 manticores
  29 moths of wrath
  An orb spider (shapeshifter) (Zig:21)
  A salamander (shapeshifter) (Zig:18)
  2 fauns (shapeshifter) (Zig:20)
  2 tengu skeletons
  4 fauns
  64 ugly things
  2 fire giant zombies
  4 sphinx skeletons
  8 cyclopes
  A frost giant zombie (Crypt:3)
  16 elf zombies
  19 salamanders
  7 wolf spiders
  Joseph (D:7)
  6 eyes of devastation
  4 spriggan zombies
  33 guardian serpents
  An iron dragon skeleton (Zig:16)
  4 merfolk sirens (Zig:13)
  Maurice (D:10)
  An elephant (shapeshifter) (Zig:6)
  A black mamba (shapeshifter) (Vaults:2)
  2 moths of wrath (shapeshifter)
  6 water nymphs
  3 human skeletons (Vaults:3)
  6 frost giant skeletons
  A guardian serpent (shapeshifter) (Vaults:1)
  7 smoke demons
  A stone giant skeleton (Zig:4)
  34 naga magi
  12 rust devils
  16 elephants
  28 vault sentinels
  An eye of devastation (shapeshifter) (Zig:6)
  A dire elephant zombie (Crypt:3)
  8 humans
  An orange demon (Zig:22)
  3 torpor snails
  13 apocalypse crabs
  Psyche (D:12)
  24 spiny frogs
  6 gargoyles
  A yaktaur zombie (Zig:1)
  55 black mambas
  5 spriggan skeletons
  A spiny frog (shapeshifter) (Vaults:1)
  7 hellions
  A demonic crawler (Zig:19)
  11 rime drakes
  11 komodo dragons
  2 kobold demonologists
  A rime drake (shapeshifter) (Depths:1)
  25 freezing wraiths
  19 tormentors
  4 efreet
  44 yaktaurs
  9 ice devils
  A hellwing (Zig:8)
  18 guardian mummies
  6 tengu conjurers
  13 trolls
  A harpy zombie (Crypt:3)
  A silent spectre (Zig:5)
  2 ancient zymes
  A tyrant leech (shapeshifter) (Zig:21)
  A polar bear (Lair:5)
  2 jumping spiders
  2 merfolk (shapeshifter)
  3 meliai (D:15)
  4 meliai (shapeshifter)
  A queen bee (Lair:3)
  9 red devils
  A queen bee (shapeshifter) (Vaults:1)
  A polar bear (shapeshifter) (Vaults:5)
  27 hornets
  13 merfolk
  6 wind drakes
  29 blink frogs
  A tengu simulacrum (Vaults:3)
  15 raiju
  180 slime creatures
  A blink frog (shapeshifter) (Vaults:5)
  2 dream sheep (shapeshifter)
  17 bog bodies
  A slime creature (shapeshifter) (Zig:20)
  3 snapping turtles (Zig:13)
  17 tyrant leeches
  2 hippogriffs (shapeshifter)
  A dream sheep (Zig:15)
  3 ettin zombies
  A stone giant simulacrum (Vaults:1)
  9 hippogriffs
  2 ice dragon skeletons (Crypt:3)
  An ice dragon zombie (Depths:1)
  A redback (Vaults:4)
  A redback (shapeshifter) (Zig:14)
  15 flying skulls
  2 spriggans (shapeshifter)
  2 vampires (Crypt:3)
  An elf simulacrum (Zig:26)
  6 shadows
  A tarantella (shapeshifter) (Zig:21)
  17 water elementals
  A wyvern (shapeshifter) (Depths:4)
  3 ynoxinuls
  11 air elementals
  12 wraiths
  A tarantella (Vaults:4)
  7 wyverns
  51 yaks
  2 hogs (Elf:1)
  An ettin skeleton (Depths:1)
  A basilisk (shapeshifter) (Vaults:1)
  7 fire elementals
  7 golden eyes
  13 ushabtiu
  A human (shapeshifter) (Zig:19)
  Eustachio (D:6)
  7 steam dragons
  9 chaos spawn
  15 vampire mosquitoes
  3 basilisks
  6 neqoxecs
  4 hungry ghosts
  Menkaure (Ossuary)
  6 elf skeletons
  47 nagas
  12 wargs
  3 swamp worms (shapeshifter)
  A deep troll zombie (Vaults:3)
  12 insubstantial wisps
  19 swamp worms
  20 hell hounds
  9 acid dragons
  24 water moccasins
  A human zombie (Zig:10)
  Duvessa (D:4)
  27 swamp drakes
  2 floating eyes
  8 ice beasts
  48 orc warriors
  2 porcupines
  3 sky beasts
  A sky beast (shapeshifter) (Zig:18)
  An eye of draining (shapeshifter) (Zig:18)
  2 spriggan simulacra
  An elephant zombie (Lair:5)
  19 eyes of draining
  7 phantoms
  17 boggarts
  41 ogres
  10 necrophages
  40 wolves
  11 crocodiles
  16 centaurs
  A komodo dragon zombie (Lair:5)
  17 bullfrogs
  3 earth elementals
  A big kobold (D:10)
  2 wyvern zombies
  Dowan (D:4)
  A hippogriff skeleton (Crypt:2)
  7 scorpions
  31 killer bees
  2 troll skeletons (Lab)
  8 wights
  A howler monkey (D:8)
  A howler monkey (shapeshifter) (Depths:3)
  3 electric eels
  2 lava snakes (Lair:6)
  14 crimson imps
  2 yaktaur simulacra
  5 bullfrog zombies
  2 centaur zombies
  8 hounds
  5 jellies
  41 orc priests
  3 bullfrog skeletons
  4 centaur skeletons
  13 iron imps
  Jessica (D:3)
  24 orc wizards
  8 iguanas
  Terence (D:2)
  A lightning spire (Zig:7)
  11 worker ants
  A killer bee zombie (D:7)
  A crocodile zombie (Lair:5)
  An ogre zombie (Crypt:3)
  A hound zombie (D:5)
  An ogre skeleton (Lab)
  4 hound skeletons
  42 mummies
  Robin (D:3)
  3 gnolls (D:11)
  A howler monkey skeleton (D:4)
  10 adders
  7 shadow imps
  2 white imps (Zig:16)
  An ooze (shapeshifter) (Zig:14)
  3 adder skeletons
  3 worms
  A dart slug (D:2)
  3 leopard geckos
  101 orcs
  A ball python (D:3)
  5 giant cockroaches
  12 goblins
  14 hobgoblins
  11 jackals
  2 quokkas
  A ball python skeleton (D:6)
  A ball python zombie (D:5)
  6 bats
  2 frilled lizards
  5 gnoll skeletons (Ossuary)
  3 gnoll zombies (Ossuary)
  A goblin zombie (Ossuary)
  2 hobgoblin skeletons (Ossuary)
  4 hobgoblin zombies (Ossuary)
  20 kobolds
  A kobold skeleton (Ossuary)
  5 kobold zombies (Ossuary)
  A leopard gecko skeleton (D:5)
  A leopard gecko zombie (D:6)
  3 orc skeletons (Ossuary)
  An orc zombie (Ossuary)
  A quokka zombie (D:6)
  5 rats
  A rat skeleton (Ossuary)
  3 rat zombies (Ossuary)
  A bush (Zig:19)
  9 crawling corpses
  7 fire vortices
  2 fungi (Lair:6)
  A lurking horror (Abyss:3)
  3 plants
  11 starspawn tentacles
4274 creatures vanquished.

Vanquished Creatures (collateral kills)
  the Royal Jelly (Slime:5)
  A bennu (Zig:26)
  A death ooze (Slime:5)
3 creatures vanquished.

Vanquished Creatures (others)
  A golden dragon (Zig:23)
  A quicksilver dragon (shapeshifter) (Zig:10)
  A draconian knight (Zot:3)
  A ghost moth (Zot:2)
  A hydra (Swamp:4)
  A dancing weapon (Zig:6)
  A deep elf knight (Vaults:1)
  A spatial maelstrom (Zig:22)
  2 death drakes
  A deep elf mage (Elf:1)
  A guardian serpent (Zig:24)
  A yaktaur (Vaults:5)
  A rime drake (Zig:23)
  A tyrant leech (Zig:16)
  3 blink frogs
  A hornet (Zig:25)
  A slime creature (Slime:1)
  5 dream sheep (D:3)
  A human (Elf:1)
  2 vampire mosquitoes
  A warg (Vaults:5)
  An adder (D:9)
  3 gnoll zombies (Ossuary)
  2 gnoll skeletons (Ossuary)
  A hobgoblin skeleton (Ossuary)
  A hobgoblin zombie (Ossuary)
  4 kobold skeletons (Ossuary)
  3 orc skeletons (Ossuary)
  An orc zombie (Ossuary)
  3 rat skeletons (Ossuary)
  3 rat zombies (Ossuary)
  2 bushes (D:6)
  2 fire vortices (Zig:21)
  11 fungi
  21 plants
  A starspawn tentacle (Zig:18)
88 creatures vanquished.

Grand Total: 4365 creatures vanquished

Notes
Turn   | Place    | Note
-------+----------+-------------------------------------------
     0 | D:1      | 4thArraOfDagon the Demonspawn Earth Elementalist began the quest for the Orb.
     0 | D:1      | Reached XP level 1. HP: 13/13 MP: 3/3
   595 | D:1      | Gained mutation: When hurt, damage is shared between your health and your magic reserves. [demonic ancestry]
   595 | D:1      | Reached XP level 2. HP: 19/19 MP: 5/5
   786 | D:2      | Found a stormy altar of Qazlal.
   841 | D:3      | Reached XP level 3. HP: 22/24 MP: 4/6
   877 | D:3      | Found an opulent altar of Gozag.
   926 | D:4      | Found an ornate altar of the Wu Jian Council.
   936 | D:4      | Learned a level 3 spell: Stone Arrow
   996 | D:4      | Found a sand-covered staircase.
  1152 | D:5      | Entered Level 5 of the Dungeon
  1207 | D:5      | Reached XP level 4. HP: 22/30 MP: 8/8
  1226 | D:6      | Noticed Eustachio
  1255 | D:5      | Found a hide-covered altar of Uskayaw.
  1284 | D:5      | Became a worshipper of Uskayaw the Reveler
  1405 | Ossuary  | Entered an ossuary
  1431 | Ossuary  | Reached * piety under Uskayaw
  1475 | Ossuary  | Reached ** piety under Uskayaw
  1757 | Ossuary  | Noticed Menkaure
  1770 | Ossuary  | Killed Menkaure
  1770 | Ossuary  | Reached skill level 1 in Invocations
  1770 | Ossuary  | Reached XP level 5. HP: 13/35 MP: 0/10
  1933 | D:3      | Noticed Robin
  1936 | D:4      | Reached skill level 5 in Earth Magic
  2009 | D:4      | Learned a level 5 spell: Lee's Rapid Deconstruction
  2032 | D:3      | Thaneod: yo
  2067 | D:2      | Noticed Terence
  2067 | D:2      | p0werm0de: hi
  2067 | D:2      | 4thArraOfDagon: ho
  2074 | D:2      | Killed Terence
  2074 | D:2      | Reached XP level 6. HP: 30/41 MP: 1/11
  2242 | D:3      | Killed Robin
  2433 | D:3      | Noticed Jessica
  2441 | D:3      | Killed Jessica
  2467 | D:3      | Reached *** piety under Uskayaw
  2517 | D:3      | Noticed a dream sheep
  2517 | D:3      | Noticed a dream sheep
  2517 | D:3      | Noticed a dream sheep
  2517 | D:3      | Noticed a dream sheep
  2517 | D:3      | Noticed a dream sheep
  2517 | D:3      | Found a shimmering altar of Xom.
  2520 | D:3      | Killed a dream sheep
  2520 | D:3      | Gained mutation: You have sharp fingernails. [demonic ancestry]
  2520 | D:3      | Reached XP level 7. HP: 42/46 MP: 10/13
  2523 | D:3      | Killed a dream sheep
  2524 | D:3      | Killed a dream sheep
  2524 | D:3      | Killed a dream sheep
  2524 | D:3      | Killed a dream sheep
  3296 | D:2      | Found a glowing silver altar of Zin.
  3724 | D:4      | Noticed Duvessa
  3743 | D:4      | Killed Duvessa
  3744 | D:4      | Noticed Dowan
  3757 | D:4      | Killed Dowan
  3794 | D:4      | Noticed a two-headed ogre
  3806 | D:4      | Killed a two-headed ogre
  3806 | D:4      | Reached skill level 5 in Spellcasting
  3806 | D:4      | Reached skill level 5 in Invocations
  3806 | D:4      | Reached XP level 8. HP: 40/52 MP: 10/15
  3923 | D:4      | Found a staircase to the Ecumenical Temple.
  4062 | D:4      | Found Heqaulyp's General Store.
  4065 | D:4      | Bought a scroll of identify for 24 gold pieces
  4065 | D:4      | Bought a scroll of identify for 24 gold pieces
  4065 | D:4      | Bought a scroll of immolation for 42 gold pieces
  4193 | D:4      | Gained mutation: You are frail. (-10% HP) [potion of mutation]
  4193 | D:4      | Gained mutation: Your skin changes colour to match your surroundings (Stealth+). [potion of mutation]
  4700 | D:5      | Noticed Pikel
  4717 | D:5      | Killed Pikel
  4717 | D:5      | Gained mutation: You have very sharp fingernails. [demonic ancestry]
  4717 | D:5      | Reached XP level 9. HP: 27/51 MP: 1/17
  5035 | D:6      | Killed Eustachio
  5230 | D:6      | Reached **** piety under Uskayaw
  5254 | D:6      | Found a white marble altar of Elyvilon.
  5419 | D:6      | Found a blossoming altar of Fedhas.
  5730 | D:7      | Reached XP level 10. HP: 53/54 MP: 20/20
  5795 | D:7      | Reached skill level 10 in Earth Magic
  5895 | D:7      | Found a bloodstained altar of Trog.
  5928 | D:7      | Found a sacrificial altar of Ru.
  6045 | D:7      | Got a brightly glowing battleaxe
  6047 | D:7      | Got a brightly glowing great mace
  6048 | D:7      | p0werm0de: nice
  6053 | D:7      | p0werm0de: triple bladin ?
  6054 | D:7      | Identified the +2 battleaxe "Uhyetookea" {chop, rF+} (You found it on level 7 of the Dungeon)
  6055 | D:7      | Identified the +6 great mace "Kieg" {antimagic, MP+9 Dex+3 Stlth+} (You found it on level 7 of the Dungeon)
  6056 | D:7      | p0werm0de: kieg ahaha
  6056 | D:7      | 4thArraOfDagon: kieg
  6056 | D:7      | 4thArraOfDagon: bieeed
  6114 | D:7      | Reached skill level 1 in Unarmed Combat
  6345 | D:8      | Noticed Nib's ghost (novice SpEn)
  6390 | D:8      | Found a staircase to the Lair.
  6417 | D:8      | Reached skill level 1 in Fighting
  6430 | D:8      | Noticed a two-headed ogre
  6442 | D:8      | Killed a two-headed ogre
  6468 | D:8      | Noticed Joseph
  6582 | D:7      | Killed Joseph
  6598 | D:7      | Learned a level 3 spell: Mephitic Cloud
  6602 | D:7      | Learned a level 3 spell: Conjure Flame
  6605 | D:7      | Learned a level 2 spell: Blink
  6711 | D:8      | Found a shadowy altar of Dithmenos.
  6811 | D:8      | Reached skill level 10 in Invocations
  6897 | D:9      | Noticed a rakshasa
  6899 | D:9      | Reached skill level 5 in Unarmed Combat
  6901 | D:9      | Killed a rakshasa
  7000 | D:9      | Reached XP level 11. HP: 64/64 MP: 16/22
  7004 | D:9      | Noticed Erica
  7022 | D:9      | Killed Erica
  7191 | D:9      | Found a burning altar of Makhleb.
  7460 | D:10     | Entered Level 10 of the Dungeon
  7460 | D:10     | Noticed Maurice
  7464 | D:10     | Killed Maurice
  7880 | D:10     | Found Budeoxt's Gadget Shoppe.
  7898 | D:10     | Bought a wand of clouds (3) for 231 gold pieces
  7972 | D:10     | Noticed a two-headed ogre
  7976 | D:10     | Killed a two-headed ogre
  8325 | D:11     | Found Ceyzeud's Magic Scroll Emporium.
  8359 | D:11     | Bought a scroll of teleportation for 42 gold pieces
  8359 | D:11     | Bought a scroll of fear for 49 gold pieces
  8359 | D:11     | Bought a scroll of identify for 28 gold pieces
  8359 | D:11     | Bought a scroll of identify for 28 gold pieces
  8359 | D:11     | Bought a scroll of blinking for 105 gold pieces
  8438 | D:11     | Noticed a two-headed ogre
  8450 | D:11     | Killed a two-headed ogre
  8450 | D:11     | Reached skill level 10 in Unarmed Combat
  8640 | D:12     | Noticed Frances
  8650 | D:12     | Killed Frances
  8688 | D:12     | Noticed Psyche
  8691 | D:12     | Killed Psyche
  8724 | D:12     | Lost mutation: You are frail. (-10% HP) [potion of mutation]
  8724 | D:12     | Gained mutation: You have a pair of small horns on your head. [potion of mutation]
  8724 | D:12     | Gained mutation: Your natural rate of healing is unusually fast. [potion of mutation]
  8724 | D:12     | Gained mutation: Your spells are a little harder to cast, but a little more powerful. [potion of mutation]
  8724 | D:12     | Gained mutation: Your mind is acute. (Int +2) [potion of mutation]
  8805 | D:12     | Noticed a two-headed ogre
  8813 | D:12     | Killed a two-headed ogre
  8813 | D:12     | Reached XP level 12. HP: 83/83 MP: 18/24
  9061 | D:12     | Noticed Sonja
  9063 | D:12     | Killed Sonja
  9137 | D:13     | Found a labyrinth entrance.
  9201 | Lab      | Entered a labyrinth
  9395 | Lab      | Noticed a minotaur
  9420 | Lab      | Killed a minotaur
  9431 | Lab      | Got an agate-encrusted ring mail
  9455 | Lab      | Identified the +6 ring mail "Loah" {rCorr Dex+4 Stlth+} (You took it off a minotaur in a labyrinth)
  9493 | D:13     | Found a gate to the Vaults.
  9493 | D:13     | Noticed a vault guard
  9493 | D:13     | Noticed a vault guard
  9493 | D:13     | Noticed a vault guard
  9494 | D:13     | Noticed a vault guard
  9494 | D:13     | Noticed a vault guard
  9494 | D:13     | Noticed a vault guard
  9494 | D:13     | Noticed a vault guard
  9494 | D:13     | Noticed a vault guard
  9498 | D:13     | Killed a vault guard
  9498 | D:13     | Reached skill level 1 in Shields
  9503 | D:13     | Killed a vault guard
  9503 | D:13     | Killed a vault guard
  9503 | D:13     | Killed a vault guard
  9503 | D:13     | Killed a vault guard
  9504 | D:13     | Killed a vault guard
  9508 | D:13     | Killed a vault guard
  9512 | D:13     | Killed a vault guard
  9521 | D:13     | Reached ***** piety under Uskayaw
  9650 | D:13     | Reached ****** piety under Uskayaw
  9758 | D:13     | Gained mutation: You are partially covered in slimy green scales. (AC +2) [demonic ancestry]
  9758 | D:13     | Reached XP level 13. HP: 90/90 MP: 20/25
  9979 | D:13     | Reached skill level 5 in Fighting
 10184 | D:14     | Learned a level 2 spell: Passwall
 10196 | D:15     | Entered Level 15 of the Dungeon
 10652 | D:14     | Identified Zoaroihu's Incunabulum of Curses
 10908 | D:15     | Reached skill level 5 in Dodging
 11099 | D:15     | Gained mutation: You are mostly covered in slimy green scales. (AC +3) [demonic ancestry]
 11099 | D:15     | Reached XP level 14. HP: 101/101 MP: 2/27
 11115 | D:15     | Found a staircase to the Depths.
 11344 | D:15     | Found a runed warning-scrawled door.
 11365 | D:15     | Found a runed door.
 11524 | D:15     | Found a runed door.
 11633 | D:12     | Found a staircase to the Orcish Mines.
 11726 | D:8      | Killed Nib's ghost
 11824 | D:4      | Bought the +2 leather armour "Seohieh" {rF- rC++ Regen+ rCorr} for 421 gold pieces
 12017 | Orc:1    | Entered Level 1 of the Orcish Mines
 12065 | Orc:1    | Found a flagged portal.
 12124 | Bailey   | Entered a bailey
 12215 | Bailey   | Found a bloodstained altar of Trog.
 12360 | Orc:2    | Entered Level 2 of the Orcish Mines
 12470 | Orc:2    | Reached skill level 10 in Spellcasting
 12814 | Orc:2    | Found Maihom's Magic Scroll Shop.
 12814 | Orc:2    | Found Joezet's Antique Armour Emporium.
 12820 | Orc:2    | Bought 2 scrolls of teleportation for 60 gold pieces
 12820 | Orc:2    | Bought a scroll of teleportation for 30 gold pieces
 12896 | Orc:2    | Found a roughly hewn altar of Beogh.
 12944 | Orc:2    | Found Mynemnua's Assorted Antiques.
 12944 | Orc:2    | Found Xuvileo's Weapon Shop.
 12949 | Orc:2    | Bought a potion of might for 128 gold pieces
 12985 | Orc:2    | Found a staircase to the Elven Halls.
 13203 | Elf:1    | Entered Level 1 of the Elven Halls
 13251 | Elf:1    | Noticed Kirke
 13312 | Elf:1    | Killed Kirke
 13727 | Elf:1    | Gained mutation: You are immune to rotting. [demonic ancestry]
 13727 | Elf:1    | Reached XP level 15. HP: 110/110 MP: 9/29
 14573 | Elf:2    | Found a runed gate.
 14573 | Elf:2    | Found a runed gate.
 14574 | Elf:2    | Found a runed gate.
 14609 | Elf:3    | Entered Level 3 of the Elven Halls
 14723 | Elf:3    | Found a portal to a secret trove of treasure.
 15194 | Elf:3    | timbw: what does this god do?
 15222 | Elf:3    | Identified Cekhlasso's Compendium of Companions
 15263 | Elf:3    | 4thArraOfDagon: nothing
 15295 | Elf:3    | 4thArraOfDagon: I guess
 15319 | Elf:3    | timbw: lol
 15328 | Elf:3    | timbw: I see
 15347 | Elf:3    | timbw: one of those gods
 15357 | Elf:3    | Noticed a deep elf blademaster
 15359 | Elf:3    | Killed a deep elf blademaster
 15388 | Elf:3    | Noticed a deep elf master archer
 15398 | Elf:3    | Killed a deep elf master archer
 15450 | Elf:3    | Noticed a deep elf sorcerer
 15465 | Elf:3    | Killed a deep elf sorcerer
 15465 | Elf:3    | Gained mutation: You may emit foul miasma when damaged in melee. [demonic ancestry]
 15465 | Elf:3    | Reached XP level 16. HP: 58/120 MP: 2/31
 15624 | Elf:3    | 4thArraOfDagon: at least with lugonu
 15624 | Elf:3    | 4thArraOfDagon: I could banish neqotexs
 15638 | Elf:3    | Reached skill level 15 in Earth Magic
 15693 | Elf:3    | Noticed a deep elf blademaster
 15696 | Elf:3    | Killed a deep elf blademaster
 15787 | Elf:3    | Noticed a deep elf master archer
 15804 | Elf:3    | Killed a deep elf master archer
 15807 | Elf:3    | Reached skill level 15 in Invocations
 15936 | Elf:3    | Reached skill level 10 in Fighting
 15975 | Elf:3    | Identified the amulet "Ahiss" {Spirit +Fly rC+ Int-3 SInv} (You took it off a deep elf annihilator on level 3 of the Elven Halls)
 15976 | Elf:3    | Identified the +10 glaive "Eraloila" {venom, MR+} (You took it off a deep elf annihilator on level 3 of the Elven Halls)
 16021 | Elf:3    | Got a smoking mace
 16082 | Elf:3    | Identified the Tome of the Entourage and Orientation
 16084 | Elf:3    | Identified Feniluets's Grimoire of Evil Secrets and Dislocation
 16095 | Elf:3    | Identified the cursed +0 battleaxe "Tyujuul" {chop, +Blink rF+ MR- Int+4} (You found it on level 3 of the Elven Halls)
 16096 | Elf:3    | Identified the +9 mace of Lesitapt {protect, +Blink +Rage rN+++ Str-4} (You found it on level 3 of the Elven Halls)
 16108 | Elf:3    | Identified the +1 scale mail of Qidgh {Str+3} (You found it on level 3 of the Elven Halls)
 16127 | Elf:3    | 4thArraOfDagon: :(
 16140 | Elf:3    | Learned a level 8 spell: Controlled Blink
 16140 | Elf:3    | :(
 16232 | Elf:2    | Noticed Agnes
 16277 | Elf:2    | Killed Agnes
 16792 | Orc:2    | Bought a scroll of blinking for 240 gold pieces
 16792 | Orc:2    | Bought a hardcover book for 480 gold pieces
 16911 | Lair:1   | Entered Level 1 of the Lair of Beasts
 17347 | Lair:2   | Found a staircase to the Swamp.
 17519 | Lair:3   | Gained mutation: Your flesh is heat resistant. (rF+) [demonic ancestry]
 17519 | Lair:3   | Reached XP level 17. HP: 126/128 MP: 32/32
 18047 | Lair:4   | Sergey: hello
 18068 | Lair:4   | Found the ring of Shadows {Umbra +Inv Stlth+}
 18129 | Lair:4   | 4thArraOfDagon: hey hey
 18187 | Lair:4   | Found a staircase to the Snake Pit.
 18548 | Lair:6   | Entered Level 6 of the Lair of Beasts
 18590 | Lair:6   | Found a staircase to the Slime Pits.
 18773 | Lair:6   | Found a dark tunnel.
 18783 | Volcano  | Entered a volcano
 18814 | Volcano  | Reached skill level 10 in Dodging
 18819 | Volcano  | Sergey: what about swith your rF- armour ?
 18947 | Lair:6   | Sergey: ok, nevermind
 18965 | Lair:6   | Found a white marble altar of Elyvilon.
 19417 | Lair:6   | Learned a level 3 spell: Regeneration
 19581 | Lair:6   | Identified the +6 scale mail of Spring {*Corrode Dex+2 Slay+2 Stlth+} (You found it on level 6 of the Lair of Beasts)
 20304 | Snake:1  | Entered Level 1 of the Snake Pit
 20858 | Snake:2  | Noticed Aizul
 20937 | Snake:2  | Found a snail-covered altar of Cheibriados.
 21050 | Snake:2  | Found Radgh's Food Shop.
 21050 | Snake:2  | Found Ihaupnup's Armour Boutique.
 21242 | Snake:2  | HP: 6/128 [Aizul (20)]
 21457 | Snake:3  | Gained mutation: You have claws for hands. [demonic ancestry]
 21457 | Snake:3  | Reached XP level 18. HP: 134/134 MP: 23/34
 21813 | Snake:2  | Killed Aizul
 22214 | Snake:3  | Identified the +0 leather armour of Huul {rElec rF+ Int+2} (You found it on level 3 of the Snake Pit)
 22361 | Snake:4  | Entered Level 4 of the Snake Pit
 22361 | Snake:4  | Found Namybbeg's Food Shop.
 22475 | Snake:4  | Found Pyodoz's Jewellery Boutique.
 22500 | Snake:4  | Found Tillidan's Gadget Emporium.
 22601 | Snake:4  | Found Curcheiwul's Assorted Antiques.
 22610 | Snake:4  | Bought 3 scrolls of magic mapping for 262 gold pieces
 22610 | Snake:4  | Bought a bound tin ring for 125 gold pieces
 22610 | Snake:4  | Bought a hardcover book for 375 gold pieces
 22610 | Snake:4  | Bought a potion of might for 100 gold pieces
 22610 | Snake:4  | Identified the ring of Disub {rF+ rN+ Stlth+} (You bought it in a shop on level 4 of the Snake Pit)
 22836 | Snake:4  | Reached skill level 15 in Unarmed Combat
 23531 | Snake:4  | Got a serpentine rune of Zot
 23751 | Swamp:1  | Entered Level 1 of the Swamp
 23788 | Swamp:1  | Learned a level 6 spell: Iron Shot
 24239 | Swamp:1  | Noticed a tentacled monstrosity
 24259 | Swamp:1  | Killed a tentacled monstrosity
 24408 | Swamp:2  | Reached skill level 1 in Evocations
 24596 | Swamp:2  | Xelenos: hello guys
 24608 | Swamp:2  | Gained mutation: You are immune to clouds of flame. [demonic ancestry]
 24608 | Swamp:2  | Reached XP level 19. HP: 132/140 MP: 36/36
 24609 | Swamp:2  | Thaneod: hi
 24625 | Swamp:2  | 4thArraOfDagon: heey
 25041 | Swamp:3  | Noticed Roxanne
 25064 | Swamp:3  | Killed Roxanne
 25064 | Swamp:3  | Reached skill level 1 in Transmutations
 25109 | Swamp:3  | Identified Roxanne's Guide on Clay (You took it off Roxanne on level 3 of the Swamp)
 25129 | Swamp:3  | Learned a level 6 spell: Statue Form
 25143 | Swamp:3  | Noticed Jorgrun
 25158 | Swamp:3  | Killed Jorgrun
 25375 | Swamp:4  | Entered Level 4 of the Swamp
 25454 | Swamp:4  | Noticed the 27-headed Lernaean hydra
 25459 | Swamp:4  | Killed the 27-headed Lernaean hydra
 25540 | Swamp:4  | Got a decaying rune of Zot
 26124 | D:8      | Found an ancient bone altar of Kikubaaqudgha.
 26136 | D:8      | Identified Kikubaaqudgha's Catalogue of Evil Arts
 26143 | D:8      | Found a deep blue altar of Sif Muna.
 26422 | Vaults:1 | Entered Level 1 of the Vaults
 26458 | Vaults:1 | Found Iruniefo's Food Shop.
 26492 | Vaults:1 | Reached skill level 5 in Transmutations
 26680 | Vaults:1 | Noticed Totori's ghost (adept HaFi)
 26707 | Vaults:1 | Killed Totori's ghost
 27077 | Vaults:1 | Gained mutation: You can hurl damnation. [demonic ancestry]
 27077 | Vaults:1 | Reached XP level 20. HP: 147/147 MP: 36/38
 27477 | Vaults:2 | Noticed a bone dragon
 27482 | Vaults:2 | Killed a bone dragon
 27564 | Vaults:2 | Found a staircase to the Crypt.
 28197 | Vaults:3 | Killed Boris
 28197 | Vaults:3 | Reached skill level 15 in Spellcasting
 28475 | Vaults:3 | Gained mutation: You frequently emit foul miasma when damaged in melee. [demonic ancestry]
 28475 | Vaults:3 | Reached XP level 21. HP: 153/153 MP: 40/40
 28693 | Vaults:4 | Learned a level 8 spell: Ignition
 28712 | Vaults:4 | Reached skill level 1 in Fire Magic
 28830 | Vaults:4 | Noticed a golden dragon
 28840 | Vaults:4 | Killed a golden dragon
 28848 | Vaults:4 | Reached skill level 5 in Fire Magic
 28984 | Vaults:4 | Paralysed by a sphinx for 5 turns
 29359 | Vaults:5 | Entered Level 5 of the Vaults
 29359 | Vaults:5 | Noticed Sojobo
 29402 | Vaults:5 | Reached skill level 1 in Charms
 29402 | Vaults:5 | Reached skill level 1 in Necromancy
 29547 | Vaults:5 | Reached skill level 5 in Necromancy
 29593 | Vaults:5 | Noticed an ancient lich
 29610 | Vaults:5 | Killed an ancient lich
 29610 | Vaults:5 | Reached skill level 5 in Charms
 29629 | Vaults:5 | Noticed Mennas
 29749 | Vaults:5 | Reached XP level 22. HP: 160/160 MP: 34/42
 29930 | Vaults:5 | Cast into level 3 of the Abyss (a deep elf sorcerer)
 30007 | Abyss:3  | Got an abyssal rune of Zot
 30025 | Vaults:5 | Escaped the Abyss
 30143 | Vaults:5 | Identified the Catalogue of Ice and Enhancements
 30237 | Vaults:5 | Identified the +2 robe of Incorporation {rC+ MR+ rCorr Dex+7} (You took it off a deep elf death mage on level 5 of the Vaults)
 30248 | Vaults:5 | Got a shimmering bone amulet
 30446 | Vaults:5 | Killed Mennas
 30451 | Vaults:5 | Killed Sojobo
 30498 | Vaults:5 | Identified the amulet "Caafyicw" {Faith *Corrode rF+ Slay+5 Stlth+} (You took it off a fire giant on level 5 of the Vaults)
 30582 | Vaults:5 | Got a silver rune of Zot
 30740 | Vaults:5 | Noticed a golden dragon
 30740 | Vaults:5 | Noticed a golden dragon
 30763 | Vaults:5 | Reached XP level 23. HP: 173/173 MP: 37/43
 30854 | Vaults:5 | Got a bound ivory ring
 30871 | Vaults:5 | Identified the ring "Taphei" {Str+2 Stlth+} (You took it off a vault guard on level 5 of the Vaults)
 31515 | Elf:3    | You paid a toll of +4 storm dragon scales to enter a treasure trove
 31516 | Trove    | Entered a treasure trove
 31542 | Trove    | Got a transparent steel amulet
 31544 | Trove    | Identified the amulet of Kosurhil {RegenMP rPois rN+ Str-5 Dex+2} (You found it in a treasure trove)
 31546 | Trove    | Got a twitching crystal amulet
 31548 | Trove    | Identified the amulet of the Cast Vote {Gourm rF+ Str+3 Int+2} (You found it in a treasure trove)
 31563 | Trove    | Identified the amulet "Tomoss" {Reflect Str+7 SH+3} (You found it in a treasure trove)
 31571 | Trove    | Got a bloodstained executioner's axe
 31579 | Trove    | Identified the +4 executioner's axe "Cuapred" {elec, MP+9 Int+3} (You found it in a treasure trove)
 31751 | Depths:1 | Entered Level 1 of the Depths
 31825 | Depths:1 | Found a gateway to Hell.
 32064 | Depths:1 | Found a one-way gate to the infinite horrors of the Abyss.
 32643 | Depths:2 | Found a shimmering altar of Xom.
 32873 | Depths:3 | HP: 11/231 [frost giant/battleaxe of freezing (12)]
 33047 | Depths:3 | Noticed Mara
 33082 | Depths:3 | Noticed 4thArraOfDagon's illusion
 33090 | Depths:3 | Noticed 4thArraOfDagon's illusion
 33105 | Depths:3 | Noticed 4thArraOfDagon's illusion
 33115 | Depths:3 | Killed Mara
 33120 | Depths:3 | HP: 1/232 [large abomination[a deep elf death mage] (18)]
 33127 | Depths:3 | Gained mutation: You regenerate magic rapidly. [demonic ancestry]
 33127 | Depths:3 | Reached XP level 24. HP: 44/186 MP: 2/43
 33454 | Depths:3 | Reached skill level 10 in Fire Magic
 33467 | Depths:3 | Noticed a juggernaut
 33478 | Depths:3 | Killed a juggernaut
 33540 | Depths:3 | Found a runed door.
 33692 | Depths:3 | Learned a level 2 spell: Sublimation of Blood
 33717 | Depths:3 | Found a one-way gate leading to the halls of Pandemonium.
 33731 | Depths:3 | Identified the amulet "Cedokhlam" {Acrobat rN+++ MP+9 Int-2 Stlth+} (You found it on level 3 of the Depths)
 34078 | Depths:4 | Found a gateway to a ziggurat.
 34107 | Depths:4 | Noticed Jory
 34145 | Depths:4 | Killed Jory
 34395 | Depths:4 | Identified the amulet of Dithmenos's Outrage {+Rage Str-2 Int+5} (You found it on level 4 of the Depths)
 34525 | Depths:4 | Identified the Disquisition on Virous Earth
 34795 | Depths:4 | Gained mutation: When low on magic, you restore magic in place of health. [demonic ancestry]
 34795 | Depths:4 | Reached XP level 25. HP: 192/192 MP: 43/43
 34894 | Depths:5 | Entered Level 5 of the Depths
 34965 | Depths:5 | Reached skill level 15 in Fire Magic
 35035 | Depths:5 | Paralysed by a great orb of eyes for 7 turns
 35312 | Depths:5 | Found Howexkem's Armour Boutique.
 35539 | Depths:5 | Found a gate to the Realm of Zot.
 35548 | Zot:1    | Entered Level 1 of the Realm of Zot
 35874 | Zot:1    | Identified the +7 chain mail "Nuaraiz" {rPois rC- rCorr} (You found it on level 1 of the Realm of Zot)
 36216 | Zot:2    | Gained mutation: You are completely covered in slimy green scales. (AC +4, rPois) [demonic ancestry]
 36216 | Zot:2    | Reached XP level 26. HP: 114/199 MP: 17/43
 36799 | Zot:3    | Leszczynek: !stalk $p
 36802 | Zot:3    | beem: 4thArraOfDagon the L25 DsEE^Uska in Zot:1 (cxc tiles), T:35548, runes: 4 (silver, abyssal, decaying...), defenses: 30/20/8, stats: 8/26/16, >15 skills: Unarmed Combat,Spellcasting,Fire Magic,Earth Magic,Invocations
 37182 | Zot:4    | Noticed an orb of fire
 37737 | Slime:1  | Entered Level 1 of the Pits of Slime
 37903 | Slime:2  | Gained mutation: You possess an exceptional clarity of mind. [a shining eye]
 37988 | Slime:5  | Entered Level 5 of the Pits of Slime
 38009 | Slime:5  | Reached XP level 27. HP: 205/205 MP: 4/45
 38022 | Slime:5  | Noticed the Royal Jelly
 38043 | Slime:4  | HP: 13/266 [acid (5)]
 38057 | Slime:4  | HP: 13/266 [acid (8)]
 38057 | Slime:4  | HP: 6/266 [acid (7)]
 38216 | Slime:5  | Lost mutation: You possess an exceptional clarity of mind. [a shining eye]
 38253 | Slime:5  | Found a viscous altar of Jiyva.
 38357 | Slime:5  | Killed the Royal Jelly
 38622 | Slime:5  | Got a slimy rune of Zot
 38648 | Slime:5  | Identified the +2 ring mail "Doism" {Int+4} (You found it on level 5 of the Pits of Slime)
 38652 | Slime:5  | Identified the +5 ring mail of Okochef {rElec rN+++ Int-5 Dex-5} (You found it on level 5 of the Pits of Slime)
 38712 | Slime:1  | Lost mutation: Your mind is acute. (Int +2) [a shining eye]
 39044 | Zig:1    | Entered Level 1 of a ziggurat
 39057 | Zig:2    | Entered Level 2 of a ziggurat
 39076 | Zig:3    | Entered Level 3 of a ziggurat
 39100 | Zig:4    | Entered Level 4 of a ziggurat
 39132 | Zig:4    | Identified Reiceeru's Almanac of Curses and Conjuration
 39139 | Zig:5    | Entered Level 5 of a ziggurat
 39190 | Zig:5    | Identified Sif Muna's Guide on Enchantment
 39258 | Zig:6    | Entered Level 6 of a ziggurat
 39315 | Zig:7    | Entered Level 7 of a ziggurat
 39353 | Zig:7    | Identified the ring "Felihyh" {Int+8 Dex+3} (You found it on level 7 of a ziggurat)
 39376 | Zig:8    | Entered Level 8 of a ziggurat
 39386 | Zig:8    | Found the ring of Phasing {EV+8}
 39389 | Zig:8    | Identified a scroll of acquirement
 39411 | Zig:8    | Identified the amulet "Rituvyn" {rPois rF- MR+ Regen+ SInv} (You found it on level 8 of a ziggurat)
 39416 | Zig:8    | Identified the Almanac of Ensnaring Feathers
 39430 | Zig:8    | Found the +8 orange crystal plate armour {Archmagi, Int+3 Clar}
 39433 | Zig:9    | Entered Level 9 of a ziggurat
 39471 | Zig:9    | Identified the +0 robe "Etept" {*Slow Dex+6} (You found it on level 9 of a ziggurat)
 39474 | Zig:9    | Identified the amulet "Deom" {Spirit rF+ rC- Str+4} (You found it on level 9 of a ziggurat)
 39476 | Zig:10   | Entered Level 10 of a ziggurat
 39481 | Zig:10   | Noticed Jali the pandemonium lord
 39497 | Zig:10   | Noticed Somoneogiu the pandemonium lord
 39500 | Zig:10   | Noticed Myopt the pandemonium lord
 39500 | Zig:10   | Noticed Raaly the pandemonium lord
 39504 | Zig:10   | Killed Jali the pandemonium lord
 39519 | Zig:10   | Killed Somoneogiu the pandemonium lord
 39531 | Zig:10   | Identified the ring of Vujib {Ice MR++ Str-5 SInv Stlth+} (You found it on level 10 of a ziggurat)
 39536 | Zig:11   | Entered Level 11 of a ziggurat
 39664 | Zig:11   | Identified the amulet "Zoir" {Inacc Int+4} (You found it on level 11 of a ziggurat)
 39666 | Zig:11   | Identified the cursed +1 broad axe of Megalomania {freeze, MR+ Str+2} (You found it on level 11 of a ziggurat)
 39689 | Zig:12   | Entered Level 12 of a ziggurat
 39723 | Zig:12   | Found the +9 staff of Olgreb {rPois}
 39743 | Zig:13   | Entered Level 13 of a ziggurat
 39759 | Zig:13   | Noticed Goegan Dahoe the pandemonium lord
 39763 | Zig:13   | Killed Goegan Dahoe the pandemonium lord
 39806 | Zig:13   | Learned a level 9 spell: Shatter
 39808 | Zig:14   | Entered Level 14 of a ziggurat
 39827 | Zig:14   | Reached skill level 27 in Invocations
 39860 | Zig:14   | Found the +6 mace of Variability {chaos}
 39896 | Zig:14   | Identified the Collected Works on Supportive Evil Rites
 39911 | Zig:15   | Entered Level 15 of a ziggurat
 39925 | Zig:15   | Reached skill level 1 in Translocations
 39992 | Zig:16   | Entered Level 16 of a ziggurat
 40009 | Zig:16   | Reached skill level 5 in Translocations
 40030 | Zig:16   | Found the cursed +14 obsidian axe {chop, +Fly SInv *Curse}
 40036 | Zig:16   | Identified the Reference Book on Conjuration and Summoning
 40043 | Zig:16   | Identified the ring "Cimyep" {+Fly MR+ MP+9 Str+5 Dex+3} (You found it on level 16 of a ziggurat)
 40077 | Zig:17   | Entered Level 17 of a ziggurat
 40095 | Zig:17   | Noticed an ancient lich
 40096 | Zig:17   | Noticed an ancient lich
 40098 | Zig:17   | Noticed an ancient lich
 40098 | Zig:17   | Killed an ancient lich
 40100 | Zig:17   | Noticed an ancient lich
 40100 | Zig:17   | Killed an ancient lich
 40103 | Zig:17   | Killed an ancient lich
 40105 | Zig:17   | Killed an ancient lich
 40151 | Zig:17   | Identified the +5 broad axe "Beetleslayer" {holy, rC++ Int+5} (You found it on level 17 of a ziggurat)
 40155 | Zig:18   | Entered Level 18 of a ziggurat
 40182 | Zig:18   | Found the +0 pair of fencer's gloves {+Riposte Dex+3}
 40184 | Zig:18   | Reached skill level 10 in Translocations
 40236 | Zig:19   | Entered Level 19 of a ziggurat
 40316 | Zig:19   | Identified the Tome of Dusty Poison
 40323 | Zig:19   | Identified the cursed ring of Yzekh {*Slow rPois Str-2 Int+4 SInv} (You found it on level 19 of a ziggurat)
 40329 | Zig:19   | Identified the amulet "Ficruch" {Inacc rC- Int+7 SInv} (You found it on level 19 of a ziggurat)
 40367 | Zig:19   | Learned a level 9 spell: Fire Storm
 40375 | Zig:20   | Entered Level 20 of a ziggurat
 40399 | Zig:20   | Noticed an ancient lich
 40399 | Zig:20   | Noticed an ancient lich
 40400 | Zig:20   | Noticed an ancient lich
 40401 | Zig:20   | Noticed an ancient lich
 40404 | Zig:20   | Killed an ancient lich
 40404 | Zig:20   | Killed an ancient lich
 40405 | Zig:20   | Killed an ancient lich
 40405 | Zig:20   | Killed an ancient lich
 40424 | Zig:20   | Identified the amulet "Xexzil" {Acrobat Stlth+} (You found it on level 20 of a ziggurat)
 40430 | Zig:20   | Identified the Grimoire of Mutagenic Ice
 40446 | Zig:20   | Identified the ring "Efay" {Str+8 Stlth+} (You found it on level 20 of a ziggurat)
 40471 | Zig:20   | Identified the cursed +1 leather armour "Zoam" {rElec rC++} (You found it on level 20 of a ziggurat)
 40503 | Zig:21   | Entered Level 21 of a ziggurat
 40518 | Zig:21   | Noticed Gotejoom the pandemonium lord
 40524 | Zig:21   | Noticed Dafrigh the pandemonium lord
 40524 | Zig:21   | Noticed Gopieg the pandemonium lord
 40533 | Zig:21   | Killed Gotejoom the pandemonium lord
 40536 | Zig:21   | Killed Dafrigh the pandemonium lord
 40537 | Zig:21   | Noticed Fomyici the pandemonium lord
 40541 | Zig:21   | Killed Gopieg the pandemonium lord
 40547 | Zig:21   | Noticed Jeng the pandemonium lord
 40549 | Zig:21   | Noticed Holukocruq the pandemonium lord
 40553 | Zig:21   | Killed Jeng the pandemonium lord
 40553 | Zig:21   | Reached skill level 15 in Translocations
 40564 | Zig:21   | Killed Fomyici the pandemonium lord
 40566 | Zig:21   | Killed Holukocruq the pandemonium lord
 40625 | Zig:21   | Identified the amulet of Greater Demons {Reflect Dex+6 SH+2} (You found it on level 21 of a ziggurat)
 40628 | Zig:21   | Identified a +1 pair of boots of running (You found it on level 21 of a ziggurat)
 40647 | Zig:22   | Entered Level 22 of a ziggurat
 40699 | Zig:22   | Found the +8 glaive of the Guard {elec, +Rage AC+5 SInv}
 40711 | Zig:22   | Identified the Collected Works on Burning Toxins
 40715 | Zig:22   | Identified the ring of Utwoliyn {*Contam +Fly rN+ EV+2 Stlth+} (You found it on level 22 of a ziggurat)
 40733 | Zig:23   | Entered Level 23 of a ziggurat
 40832 | Zig:23   | Found the +8 whip "Snakebite" {curare, rPois}
 40840 | Zig:23   | Identified the ring "Souxtag" {Fire MR+ Str-5 Dex+5} (You found it on level 23 of a ziggurat)
 40842 | Zig:23   | Identified the ring "Lesod" {rPois rC- MP+9 Str+3 Int+4} (You found it on level 23 of a ziggurat)
 40850 | Zig:23   | Identified Gicamad's Volume of Dislocation and the Blaze
 40854 | Zig:23   | Got a faintly glowing copper amulet
 40861 | Zig:23   | Identified the amulet of Nen Jimu {Gourm Str-3 Int+3 Dex+6} (You found it on level 23 of a ziggurat)
 40864 | Zig:23   | Got a polished buckler
 40875 | Zig:23   | Identified the cursed -1 buckler of the Exiled Dances {rF++ rC+ Regen+ Str-5} (You found it on level 23 of a ziggurat)
 40901 | Zig:24   | Entered Level 24 of a ziggurat
 40960 | Zig:24   | Identified the Disquisition on Ensnaring Benedictions
 41016 | Zig:25   | Entered Level 25 of a ziggurat
 41084 | Zig:25   | Identified the +1 buckler "Ripofezi" {Dex+4} (You acquired it on level 25 of a ziggurat)
 41089 | Zig:25   | Got a shimmering granite ring
 41093 | Zig:25   | Identified Siuceis's Compendium of Augmentations and Confrontation
 41100 | Zig:25   | Identified the ring of Midsummer {+Fly rF- AC+2 Str-3 Int+5} (You found it on level 25 of a ziggurat)
 41103 | Zig:25   | Got a polished buckler
 41115 | Zig:25   | Identified the +0 buckler of the Leaf {*Slow MR- Str+8 SInv} (You found it on level 25 of a ziggurat)
 41139 | Zig:26   | Entered Level 26 of a ziggurat
 41160 | Zig:26   | Noticed a greater mummy
 41164 | Zig:26   | Noticed a greater mummy
 41165 | Zig:26   | Noticed a greater mummy
 41166 | Zig:26   | Noticed a greater mummy
 41166 | Zig:26   | Noticed a greater mummy
 41167 | Zig:26   | Noticed a greater mummy
 41167 | Zig:26   | Noticed a greater mummy
 41167 | Zig:26   | Noticed a greater mummy
 41167 | Zig:26   | Noticed a greater mummy
 41168 | Zig:26   | Noticed a greater mummy
 41168 | Zig:26   | Noticed a greater mummy
 41169 | Zig:26   | Killed a greater mummy
 41169 | Zig:26   | Killed a greater mummy
 41169 | Zig:26   | Killed a greater mummy
 41170 | Zig:26   | Killed a greater mummy
 41170 | Zig:26   | Killed a greater mummy
 41170 | Zig:26   | Killed a greater mummy
 41170 | Zig:26   | Killed a greater mummy
 41171 | Zig:26   | Noticed a greater mummy
 41172 | Zig:26   | Noticed a greater mummy
 41172 | Zig:26   | Noticed a greater mummy
 41172 | Zig:26   | Killed a greater mummy
 41172 | Zig:26   | Killed a greater mummy
 41172 | Zig:26   | Killed a greater mummy
 41173 | Zig:26   | Noticed a greater mummy
 41173 | Zig:26   | Killed a greater mummy
 41173 | Zig:26   | Killed a greater mummy
 41174 | Zig:26   | Noticed a greater mummy
 41174 | Zig:26   | Killed a greater mummy
 41174 | Zig:26   | Killed a greater mummy
 41197 | Zig:26   | Killed a greater mummy
 41197 | Zig:26   | Killed a greater mummy
 41206 | Zig:26   | Noticed a greater mummy
 41207 | Zig:26   | Killed a greater mummy
 41274 | Zig:26   | Got a brightly glowing golden ring
 41279 | Zig:26   | Identified the ring "Min Okia" {rC+ MR+ Str+4 Int+3} (You found it on level 26 of a ziggurat)
 41283 | Zig:26   | Got a twisted crystal plate armour
 41307 | Zig:27   | Entered Level 27 of a ziggurat
 41335 | Zig:27   | Gained mutation: You tend to lose your temper in combat. [an orb of fire]
 41336 | Zig:27   | Noticed an orb of fire
 41336 | Zig:27   | Noticed an orb of fire
 41336 | Zig:27   | Gained mutation: You are frail. (-10% HP) [an orb of fire]
 41337 | Zig:27   | Noticed an orb of fire
 41337 | Zig:27   | Noticed an orb of fire
 41337 | Zig:27   | Noticed an orb of fire
 41339 | Zig:27   | Noticed an orb of fire
 41339 | Zig:27   | Noticed an orb of fire
 41340 | Zig:27   | Noticed an orb of fire
 41341 | Zig:27   | Noticed an orb of fire
 41344 | Zig:27   | Found the +8 longbow "Zephyr" {speed, Dex+3 SInv}
 41344 | Zig:27   | Found the +4 Vampire's Tooth {vamp}
 41344 | Zig:27   | Found the cursed necklace of Bloodlust {*Rage +Rage MR++ Int-3 Slay+6 *Curse}
 41347 | Zig:27   | Gained mutation: Your body sometimes deteriorates upon taking damage. [an orb of fire]
 41348 | Zig:27   | Identified the Disquisition on Noxious Arcane Weapons
 41378 | Depths:4 | Upgraded the game from 0.22-a0-379-ga9d99d6 to 0.22-a0-388-g09e6169
 41613 | Crypt:1  | Entered Level 1 of the Crypt
 41631 | Crypt:3  | Entered Level 3 of the Crypt
 41912 | Crypt:3  | Found a staircase to the Tomb.
 41990 | Crypt:3  | Noticed an ancient lich
 41999 | Crypt:3  | Killed an ancient lich
 42006 | Crypt:3  | Identified the +6 crystal plate armour of Tartarus {rC+ Str+4} (You found it on level 26 of a ziggurat)
 42052 | Tomb:1   | Entered Level 1 of the Tomb of the Ancients
 42068 | Zig:1    | Entered Level 1 of a ziggurat
 42083 | Zig:2    | Entered Level 2 of a ziggurat
 42087 | Zig:2    | Noticed a juggernaut
 42093 | Zig:2    | Killed a juggernaut
 42112 | Zig:3    | Entered Level 3 of a ziggurat
 42134 | Zig:4    | Entered Level 4 of a ziggurat
 42160 | Zig:5    | Entered Level 5 of a ziggurat
 42185 | Zig:6    | Entered Level 6 of a ziggurat
 42189 | Zig:6    | Noticed an ancient lich
 42195 | Zig:6    | Killed an ancient lich
 42209 | Zig:7    | Entered Level 7 of a ziggurat
 42215 | Zig:7    | Noticed a greater mummy
 42215 | Zig:7    | Noticed a greater mummy
 42218 | Zig:7    | Killed a greater mummy
 42219 | Zig:7    | Killed a greater mummy
 42247 | Zig:8    | Entered Level 8 of a ziggurat
 42255 | Zig:8    | Noticed Wauvvo the pandemonium lord
 42271 | Zig:8    | Killed Wauvvo the pandemonium lord
 42271 | Zig:8    | Reached skill level 27 in Spellcasting
 42303 | Zig:9    | Entered Level 9 of a ziggurat
 42311 | Zig:9    | Reached skill level 1 in Conjurations
 42348 | Zig:10   | Entered Level 10 of a ziggurat
 42365 | Zig:10   | Reached skill level 5 in Conjurations
 42384 | Zig:10   | Identified the ring "Udikh" {rElec Str+6 Dex-4 Stlth+} (You found it on level 10 of a ziggurat)
 42388 | Zig:11   | Entered Level 11 of a ziggurat
 42403 | Zig:11   | Learned a level 9 spell: Tornado
 42410 | Zig:11   | Found the +7 longbow "Piercer" {penet, EV-2}
 42412 | Zig:11   | Reached skill level 15 in Fighting
 42443 | Zig:12   | Entered Level 12 of a ziggurat
 42471 | Zig:12   | Found the +2 hat of the Bear Spirit {Spirit, +Rage rN+ MR++}
 42485 | Zig:12   | Identified the +1 pair of boots of Qijihidaqi {rElec rF+ Dex-3} (You acquired it on level 12 of a ziggurat)
 42491 | Zig:12   | Identified the ring "Tiyps" {Str+2 Stlth+} (You found it on level 12 of a ziggurat)
 42521 | Zig:13   | Entered Level 13 of a ziggurat
 42531 | Zig:13   | Reached skill level 10 in Conjurations
 42557 | Zig:13   | Learned a level 9 spell: Glaciate
 42589 | Zig:14   | Entered Level 14 of a ziggurat
 42632 | Zig:14   | Identified the Guide on the Earthen Entourage
 42639 | Zig:14   | Identified the cursed ring of the Empty Page {rN+ Int+4 Dex+4 Slay-2} (You found it on level 14 of a ziggurat)
 42651 | Zig:15   | Entered Level 15 of a ziggurat
 42662 | Zig:15   | Reached skill level 1 in Armour
 42662 | Zig:15   | Reached skill level 1 in Ice Magic
 42663 | Zig:15   | Reached skill level 5 in Shields
 42691 | Zig:15   | Identified the Papyrus of the Evil Blaze
 42694 | Zig:15   | Identified the ring "Myun Cad" {+Inv rElec Str+3} (You found it on level 15 of a ziggurat)
 42710 | Zig:16   | Entered Level 16 of a ziggurat
 42722 | Zig:16   | Reached skill level 5 in Armour
 42722 | Zig:16   | Reached skill level 5 in Ice Magic
 42770 | Zig:16   | Identified the Handbook of Creative Benedictions
 42822 | Zig:17   | Entered Level 17 of a ziggurat
 42872 | Zig:17   | Identified Dome Xuu's Sophisticated Witchcraft
 42882 | Zig:18   | Entered Level 18 of a ziggurat
 42895 | Zig:18   | Noticed an ancient lich
 42897 | Zig:18   | Noticed an ancient lich
 42897 | Zig:18   | Reached skill level 10 in Shields
 42898 | Zig:18   | Killed an ancient lich
 42899 | Zig:18   | Killed an ancient lich
 42900 | Zig:18   | Noticed an ancient lich
 42902 | Zig:18   | Killed an ancient lich
 42902 | Zig:18   | Reached skill level 10 in Armour
 42902 | Zig:18   | Reached skill level 10 in Ice Magic
 42923 | Zig:18   | Identified the Reference Book on Black Secrets and Execration
 42933 | Zig:18   | Identified the +0 robe of Ceafaiss {*Drain +Fly Int+5 Stlth+} (You found it on level 18 of a ziggurat)
 42936 | Zig:19   | Entered Level 19 of a ziggurat
 42947 | Zig:19   | Noticed an ancient lich
 42950 | Zig:19   | Killed an ancient lich
 42952 | Zig:19   | Noticed an ancient lich
 42954 | Zig:19   | Noticed an ancient lich
 42954 | Zig:19   | Noticed an ancient lich
 42954 | Zig:19   | Killed an ancient lich
 42954 | Zig:19   | Killed an ancient lich
 42956 | Zig:19   | Killed an ancient lich
 42957 | Zig:19   | Noticed an ancient lich
 42958 | Zig:19   | Killed an ancient lich
 42991 | Zig:19   | Identified Sif Muna's Disquisition on Stones
 42996 | Zig:19   | Got a crude jade ring
 43010 | Zig:20   | Entered Level 20 of a ziggurat
 43039 | Zig:20   | Reached skill level 15 in Armour
 43051 | Zig:20   | Found the +7 captain's cutlass {speed, disarm}
 43065 | Zig:20   | Identified the Volume of Ice and the Voyage
 43095 | Zig:21   | Entered Level 21 of a ziggurat
 43184 | Zig:21   | Identified the ring "Sasam" {rPois Dex+5 Stlth-} (You found it on level 19 of a ziggurat)
 43196 | Zig:22   | Entered Level 22 of a ziggurat
 43231 | Zig:22   | Reached skill level 15 in Conjurations
 43260 | Zig:22   | Found the +6 lightning scales {run, rElec}
 43268 | Zig:22   | Identified Vauqa's Tome of the Mutagenic Mountains
 43291 | Zig:22   | Got steaming fire dragon scales
 43298 | Zig:23   | Entered Level 23 of a ziggurat
 43425 | Zig:23   | Got a shimmering helmet
 43451 | Zig:24   | Entered Level 24 of a ziggurat
 43473 | Zig:24   | Noticed Cyemueky the pandemonium lord
 43476 | Zig:24   | Killed Cyemueky the pandemonium lord
 43486 | Zig:24   | Killed from afar by a Tzitzimitl

Vault maps used:
D:1:      roderic_octagonal_star
D:2:      zin_statuary, first_ration, nicolae_qazlal_eye_of_the_storm,
          uniq_terence
D:3:      kb_xom_exploding_sheep, grunt_gozag_statues, uniq_robin, uniq_jessica
D:4:      old_standard_altar, temple_statues,
          lightli_ossuary_entry_decrepit_ruins, serial_shops, kennysheep_mini,
          uniq_duvessa
D:5:      lemuel_doored_altar, uniq_pikel
D:6:      fedhas_altar_decomposition, elyvilon_altar_3, uniq_eustachio
D:7:      minmay_the_grid_square_5x5_3x3, bloody_trog, nicolae_ru_awakened_eye
D:8:      palyth_temple_overflow_mages, grunt_dithmenos_smoke, grunt_ogre_cave,
          serial_bayou_pond_c, uniq_joseph
D:9:      kennysheep_mini_moat, uniq_erica
D:10:     serial_shops, shop, bh_walls_and_bars, uniq_maurice
D:11:     serial_shops, shop
D:12:     orc_0_dummy, kennysheep_generic_room_5, uniq_frances, uniq_psyche,
          uniq_sonja
D:13:     erik_vaults_2, lab_entry_generic, hangedman_decor_lopped,
          lemuel_nasty_fountain
D:14:     nrook_mini_vaults
D:15:     grunt_enter_depths_magical_seal, st_stairs_4, mikee_hates_you
Lair:1:   lemuel_fruit_tree
Lair:2:   swamp_mist_pool, cheibrodos_lair_caveside_slide,
          minmay_lair_oklob_chamber, grunt_megastairs_4
Lair:3:   grunt_forest_large_clearings, infiniplex_staircase_pool_2
Lair:4:   minmay_snake_entry_guardpost_medium, minmay_lair_drake_nest
Lair:5:   pond_and_an_island_with_a_cottage, serial_bayou_shore_b
Lair:6:   evilmike_catoblepas_cave, slime_dummy,
          lightli_volcano_entry_magma_tube, basic_altar, disabler_island
Swamp:1:  cheibrodos_swamp_monstrosity, hangedman_swamp_lotus, swamp_pool5
Swamp:2:  evilmike_swamp_ruin_wall
Swamp:3:  evilmike_swamp_ruin_house_1, swamp_pool1, st_swamp_ruins_3,
          uniq_jorgrun, uniq_roxanne
Swamp:4:  swamp_alternative, swamp_pool5
Snake:2:  basic_altar, nrook_loot_triangle, minmay_shoptagon, uniq_aizul
Snake:3:  onia_ninara_swampy_vault
Snake:4:  grunt_snake_rune_serpentine_throne, serial_shops, shop,
          nicolae_shop_statue_plus, shop, shop, stair_cage_line, spider_trap
Orc:1:    enter_bailey_2
Orc:2:    st_orc_town
Elf:1:    minmay_elf_arrival_plus, kennysheep_underground_church, uniq_kirke
Elf:2:    hangedman_glass_teeth, uniq_agnes
Elf:3:    elf_hall, enter_trove_1, roderic_three_in_a_row, minmay_elf_demonology
Vaults:1: vaults_room_large_hall, st_diamondy, vaults_room_pool,
          nicolae_vaults_network_star, vaults_dpeg_doors,
          grunt_vaults_hallway_long, vaults_mumra_minichess,
          ontoclasm_vaults_loading_screen, vaults_room_stairs_pillars,
          serial_shops, shop
Vaults:2: minmay_crypt_entry_nasty_monster, v_misc_23,
          vaults_mumra_minichess_inversion, v_misc_11, vaults_mumra_hexcomb,
          vaults_room_pool, nicolae_vaults_angled_halls, vaults_dpeg_ring,
          nicolae_vaults_mini_display_case
Vaults:3: vaults_room_large_hall, hangedman_vaults_capsules, v_misc_23,
          nicolae_vaults_theta, ontoclasm_vaults_ligature, v_misc_2,
          nicolae_vaults_twisting_passages, ontoclasm_vaults_ring_square,
          v_misc_18, ontoclasm_vaults_tryst, vaults_room_guarded_vault,
          v_misc_19, v_rooms_6, uniq_boris
Vaults:4: vaults_room_grunt_arrival_checkpoint, ontoclasm_vaults_fault,
          st_lines, nicolae_vaults_little_ls, ontoclasm_vaults_gateway,
          ontoclasm_vaults_spin, hangedman_vaults_maws, hangedman_vaults_snaps,
          nicolae_vaults_yaktaur_gun_rack, nicolae_vaults_little_squares_6
Vaults:5: uniq_mennas, uniq_sojobo
Crypt:1:  st_stairs_11, uniq_margery
Crypt:2:  grunt_ministairs_10
Crypt:3:  quadcrypt_mu
Depths:1: hell_entry, abyss_entry, roderic_lattice_octagonal_star,
          hangedman_decor_riveting, minmay_misc_feat_plants, due_unseen_surprise
Depths:2: cheibrodos_birdhouse, abyss_entry, lemuel_crystal_altar,
          hangedman_geh_valley
Depths:3: box_level_dp, pan_entry, hell_entry, uniq_mara
Depths:4: little_maze_vault, enter_ziggurat_a, abyss_entry, skrybe_limestone_x,
          grunt_mini_vestibule, uniq_jory
Depths:5: grunt_zot_entry_gee_three, rand_demon_pan_entry_1, serial_shops, shop,
          pf_coc_iceberg, serial_bayou_shore_b
Zot:2:    circus_mu, st_stairs_5, nicolae_lava_and_water
Zot:4:    grunt_zot_stairs_mandelzot
Abyss:3:  grunt_abyss_rune_forest_and_sorcery
Zig:4:    ziggurat_pillar_centre_oklobs
Zig:11:   ziggurat_pillar_centre_dead_trees
Zig:12:   ziggurat_pillar_centre_c
Zig:19:   ziggurat_pillar_centre_more_plants
Zig:20:   ziggurat_pillar_centre_smoke
Zig:27:   ziggurat_pillar_centre_drop
Lab:      nicolae_lab_dead_end, nicolae_lab_stuck, nicolae_lab_hexagon,
          nicolae_lab_plus, nicolae_lab_quarters, labyrinth_skeletal_remains,
          labyrinth_fake_exit, lab_statue, nicolae_lab_flowing_pool
Trove:    trove_garden
Ossuary:  ossuary_due_pyramid
Bailey:   bailey_axe_3, bailey
Volcano:  volcano_village

Skill      XL: |  1  2  3  4  5  6  7  8  9 10 11 12 13 14 15 16 17 18 19 20 21 22 23 24 25 26 27 |
---------------+----------------------------------------------------------------------------------+-----
Earth Magic    | 3 4 5 7 8 9 10 11 12 13 14 15 16 17 18 19 20 25 | 25.4
Spellcasting   | 3 4 5 7 8 9 10 11 12 13 14 15 16 18 27 | 27.0
Invocations    | 1 2 3 5 7 8 10 11 12 13 14 15 16 17 20 27 | 27.0
Unarmed Combat | 5 12 13 14 15 16 18 20 23 | 23.0
Fighting       | 2 3 4 6 8 9 10 12 14 20 | 20.0
Dodging        | 2 3 4 5 7 8 9 10 11 | 11.0
Shields        | 4 13 | 13.3
Evocations     | 1 2 |  2.0
Transmutations | 7 |  7.5
Fire Magic     | 6 7 14 18 19 | 19.2
Charms         | 5 |  5.4
Necromancy     | 5 |  5.0
Translocations | 18 | 18.1
Conjurations   | 19 | 19.4
Armour         | 18 | 18.1
Ice Magic      | 11 | 11.8
Stealth        | |  1.7

Action                   |  1- 3 |  4- 6 |  7- 9 | 10-12 | 13-15 | 16-18 | 19-21 | 22-24 | 25-27 || total
-------------------------+-------+-------+-------+-------+-------+-------+-------+-------+-------++-------
Melee: Unarmed           |     4 |       |       |    53 |   477 |  1365 |  1195 |  1178 |  1420 ||  5692
       Spear             |    40 |   216 |    88 |       |       |       |       |       |       ||   344
       Rapier            |       |       |    83 |   158 |       |       |       |       |       ||   241
       Punch             |       |       |       |     3 |       |       |    12 |     2 |       ||    17
       Headbutt          |       |       |       |    10 |    66 |   244 |   199 |   170 |   261 ||   950
 Cast: Sandblast         |    20 |    47 |    88 |    70 |    60 |    53 |     6 |       |       ||   344
       Lee's Rapid Decon |       |       |     6 |    92 |   234 |   274 |    50 |    38 |    32 ||   726
       Iron Shot         |       |       |       |       |       |     1 |     2 |       |     3 ||     6
       Statue Form       |       |       |       |       |       |       |    42 |    51 |   108 ||   201
       Passwall          |       |       |       |       |       |       |     1 |       |       ||     1
       Regeneration      |       |       |       |       |       |       |    10 |    41 |   147 ||   198
       Ignition          |       |       |       |       |       |       |       |       |   225 ||   225
       Shatter           |       |       |       |       |       |       |       |       |   171 ||   171
       Controlled Blink  |       |       |       |       |       |       |       |       |     2 ||     2
       Stone Arrow       |       |       |       |       |       |       |       |       |     1 ||     1
Invok: Stomp             |       |     1 |       |       |     1 |       |       |       |       ||     2
       Grand Finale      |       |       |       |       |       |       |     4 |     4 |    11 ||    19
 Abil: Stop Flying       |       |       |       |       |     1 |     1 |       |       |       ||     2
       Evoke Flight      |       |       |       |       |       |     2 |       |       |       ||     2
       Evoke Invisibilit |       |       |       |       |       |     1 |       |       |       ||     1
       End Transformatio |       |       |       |       |       |       |     1 |     2 |    14 ||    17
Evoke: Wand              |       |       |       |    17 |       |     8 |       |    15 |    11 ||    51
       Lamp of fire      |       |       |       |       |       |       |       |       |     1 ||     1
       Phantom mirror    |       |       |       |       |       |       |       |       |     3 ||     3
       Figurine of a zig |       |       |       |       |       |       |       |       |     1 ||     1
  Use: Scroll            |    12 |     5 |     4 |    16 |    11 |    27 |     7 |    26 |    77 ||   185
       Potion            |       |       |     2 |     5 |       |     7 |     5 |     7 |    41 ||    67
 Stab: Sleeping          |     2 |     1 |     6 |       |     2 |    18 |    11 |    16 |     3 ||    59
       Paralysed         |       |     2 |     2 |    10 |    34 |    90 |   109 |   107 |   128 ||   482
       Distracted        |       |       |       |       |       |     1 |     1 |     4 |     1 ||     7
       Confused          |       |       |       |       |       |       |       |       |     1 ||     1
  Eat: Chunk             |    12 |     7 |     5 |    30 |    49 |    45 |    26 |    23 |    31 ||   228
       Ration            |       |       |       |     2 |     3 |     5 |     4 |     3 |    37 ||    54
Armor: Robe              |     6 |    12 |    34 |    29 |       |       |       |       |       ||    81
       Ring mail         |       |       |       |     4 |    22 |       |       |       |       ||    26
       Troll leather arm |       |       |       |       |    17 |       |       |       |       ||    17
       Leather armour    |       |       |       |       |    42 |   157 |    17 |     4 |     3 ||   223
       Skin              |       |       |       |       |       |       |   532 |   650 |  1132 ||  2314
Dodge: Dodged            |    33 |   103 |   116 |   143 |   317 |  1069 |  1561 |  1230 |  1878 ||  6450
       Deflected         |       |     2 |     2 |     4 |    22 |    52 |    35 |    67 |   100 ||   284
Block: Buckler           |       |       |       |     4 |   115 |   480 |   482 |   475 |   794 ||  2350

Table legend:
 A = Spawn XP
 B = Non-spawn XP
 C = Spawn XP percentage of total XP
 D = Spawn monster count
 E = Non-spawn monster count
 F = Spawn count percentage of total count
 G = Total turns spent on level
                    A         B        C        D         E        F      G
               +---------+---------+-------+---------+---------+-------+---------
         Total |    2070 | 3594907 |   0.1 |       2 |    4243 |   0.0 | 43486
               +---------+---------+-------+---------+---------+-------+---------
           D:1 |       0 |      20 |   0.0 |       0 |      11 |   0.0 |  1120
           D:2 |       0 |     124 |   0.0 |       0 |      29 |   0.0 |   592
           D:3 |       0 |     370 |   0.0 |       0 |      34 |   0.0 |   764
           D:4 |       0 |    1265 |   0.0 |       0 |      15 |   0.0 |  1119
           D:5 |       0 |    1187 |   0.0 |       0 |      18 |   0.0 |  1006
           D:6 |       0 |    2077 |   0.0 |       0 |      48 |   0.0 |   693
           D:7 |       0 |    2493 |   0.0 |       0 |      27 |   0.0 |   899
           D:8 |       0 |    2934 |   0.0 |       0 |      35 |   0.0 |   603
           D:9 |       0 |    4279 |   0.0 |       0 |      27 |   0.0 |   739
          D:10 |       0 |    3813 |   0.0 |       0 |      33 |   0.0 |   839
          D:11 |       0 |    1915 |   0.0 |       0 |      16 |   0.0 |   600
          D:12 |       0 |    6889 |   0.0 |       0 |      21 |   0.0 |   686
          D:13 |       0 |   16215 |   0.0 |       0 |      39 |   0.0 |   771
          D:14 |       0 |    4229 |   0.0 |       0 |      14 |   0.0 |   743
          D:15 |       0 |   29087 |   0.0 |       0 |      56 |   0.0 |   951
        Lair:1 |       0 |    2241 |   0.0 |       0 |      12 |   0.0 |   320
        Lair:2 |       0 |    5759 |   0.0 |       0 |      14 |   0.0 |   543
        Lair:3 |       0 |    8645 |   0.0 |       0 |      72 |   0.0 |   617
        Lair:4 |       0 |   11799 |   0.0 |       0 |      47 |   0.0 |   700
        Lair:5 |       0 |    4822 |   0.0 |       0 |      22 |   0.0 |   433
        Lair:6 |       0 |   25279 |   0.0 |       0 |      61 |   0.0 |   929
       Swamp:1 |       0 |   11759 |   0.0 |       0 |      23 |   0.0 |   637
       Swamp:2 |       0 |   12195 |   0.0 |       0 |      28 |   0.0 |   635
       Swamp:3 |       0 |   19541 |   0.0 |       0 |      30 |   0.0 |   477
       Swamp:4 |       0 |   29876 |   0.0 |       0 |      58 |   0.0 |   501
       Snake:1 |       0 |   10255 |   0.0 |       0 |      19 |   0.0 |   651
       Snake:2 |       0 |   12247 |   0.0 |       0 |      21 |   0.0 |   840
       Snake:3 |       0 |   17975 |   0.0 |       0 |      30 |   0.0 |   650
       Snake:4 |       0 |   48492 |   0.0 |       0 |      81 |   0.0 |  1230
       Slime:1 |       0 |   27464 |   0.0 |       0 |      39 |   0.0 |    55
       Slime:2 |       0 |   12968 |   0.0 |       0 |      31 |   0.0 |    46
       Slime:3 |       0 |   25831 |   0.0 |       0 |      53 |   0.0 |   135
       Slime:4 |       0 |   23475 |   0.0 |       0 |      25 |   0.0 |   334
       Slime:5 |       0 |   35851 |   0.0 |       0 |      37 |   0.0 |   433
         Orc:1 |       0 |    1029 |   0.0 |       0 |      16 |   0.0 |   312
         Orc:2 |       0 |   12151 |   0.0 |       0 |      89 |   0.0 |   924
         Elf:1 |       0 |   17457 |   0.0 |       0 |      29 |   0.0 |   864
         Elf:2 |       0 |   42950 |   0.0 |       0 |      61 |   0.0 |  1251
         Elf:3 |       0 |   56861 |   0.0 |       0 |      57 |   0.0 |  1499
      Vaults:1 |       0 |   54168 |   0.0 |       0 |      82 |   0.0 |   832
      Vaults:2 |       0 |   57359 |   0.0 |       0 |      81 |   0.0 |   910
      Vaults:3 |       0 |   46758 |   0.0 |       0 |      55 |   0.0 |   542
      Vaults:4 |       0 |   65017 |   0.0 |       0 |      75 |   0.0 |   916
      Vaults:5 |       0 |  202239 |   0.0 |       0 |     173 |   0.0 |  1752
       Crypt:2 |       0 |      78 |   0.0 |       0 |       1 |   0.0 |    15
       Crypt:3 |       0 |   35518 |   0.0 |       0 |      47 |   0.0 |   421
      Depths:1 |       0 |   34921 |   0.0 |       0 |      53 |   0.0 |   685
      Depths:2 |       0 |   31519 |   0.0 |       0 |      34 |   0.0 |   483
      Depths:3 |       0 |  118321 |   0.0 |       0 |     103 |   0.0 |  1289
      Depths:4 |       0 |   94062 |   0.0 |       0 |      91 |   0.0 |  1081
      Depths:5 |       0 |   94108 |   0.0 |       0 |      77 |   0.0 |   723
         Zot:1 |       0 |   46773 |   0.0 |       0 |      29 |   0.0 |   492
         Zot:2 |       0 |   61983 |   0.0 |       0 |      46 |   0.0 |   695
         Zot:3 |       0 |   77461 |   0.0 |       0 |      40 |   0.0 |   505
         Zot:4 |       0 |     490 |   0.0 |       0 |       1 |   0.0 |     9
       Abyss:3 |    2070 |   15588 |  11.7 |       2 |      16 |  11.1 |    95
         Zig:1 |       0 |    2594 |   0.0 |       0 |       6 |   0.0 |    28
         Zig:2 |       0 |   12589 |   0.0 |       0 |       7 |   0.0 |    48
         Zig:3 |       0 |    6281 |   0.0 |       0 |      12 |   0.0 |    46
         Zig:4 |       0 |   15887 |   0.0 |       0 |      22 |   0.0 |    65
         Zig:5 |       0 |   35182 |   0.0 |       0 |      21 |   0.0 |   144
         Zig:6 |       0 |   25000 |   0.0 |       0 |      20 |   0.0 |    81
         Zig:7 |       0 |   30489 |   0.0 |       0 |      39 |   0.0 |    99
         Zig:8 |       0 |   56202 |   0.0 |       0 |      30 |   0.0 |   113
         Zig:9 |       0 |   28458 |   0.0 |       0 |      51 |   0.0 |    88
        Zig:10 |       0 |   33861 |   0.0 |       0 |      38 |   0.0 |   100
        Zig:11 |       0 |   53643 |   0.0 |       0 |      59 |   0.0 |   208
        Zig:12 |       0 |   37382 |   0.0 |       0 |      79 |   0.0 |   132
        Zig:13 |       0 |   74631 |   0.0 |       0 |      85 |   0.0 |   133
        Zig:14 |       0 |   77410 |   0.0 |       0 |      53 |   0.0 |   165
        Zig:15 |       0 |   77778 |   0.0 |       0 |      79 |   0.0 |   140
        Zig:16 |       0 |   74720 |   0.0 |       0 |      88 |   0.0 |   197
        Zig:17 |       0 |  132701 |   0.0 |       0 |      81 |   0.0 |   138
        Zig:18 |       0 |  123695 |   0.0 |       0 |      99 |   0.0 |   135
        Zig:19 |       0 |  151369 |   0.0 |       0 |      98 |   0.0 |   213
        Zig:20 |       0 |  125562 |   0.0 |       0 |     102 |   0.0 |   213
        Zig:21 |       0 |  169260 |   0.0 |       0 |     106 |   0.0 |   245
        Zig:22 |       0 |  137960 |   0.0 |       0 |     162 |   0.0 |   188
        Zig:23 |       0 |  146480 |   0.0 |       0 |     154 |   0.0 |   321
        Zig:24 |       0 |  112371 |   0.0 |       0 |      97 |   0.0 |   150
        Zig:25 |       0 |   94700 |   0.0 |       0 |      71 |   0.0 |   123
        Zig:26 |       0 |  137618 |   0.0 |       0 |     107 |   0.0 |   168
        Zig:27 |       0 |   25386 |   0.0 |       0 |      35 |   0.0 |    47
           Lab |       0 |    1446 |   0.0 |       0 |       5 |   0.0 |   284
       Ossuary |       0 |     194 |   0.0 |       0 |      30 |   0.0 |   514
        Bailey |       0 |    1006 |   0.0 |       0 |      16 |   0.0 |   120
       Volcano |       0 |    2870 |   0.0 |       0 |       9 |   0.0 |   153
               +---------+---------+-------+---------+---------+-------+---------
